 Dungeon Crawl Stone Soup version 0.30-a0-347-gf58ed5266c (webtiles) character file.

Game seed: 16756114045287343460

215 ryw the Magician (level 5, -2/36 HPs)
             Began as a Mummy Summoner on Nov 6, 2022.
             Slain by a bullfrog (8 damage)
             ... in a sewer.
             The game lasted 00:13:11 (4552 turns).

ryw the Magician (Mummy Summoner)                   Turns: 4552, Time: 00:13:12

Health: -2/36      AC:  4    Str: 12    XL:     5   Next: 60%
Magic:  5/12       EV: 12    Int: 16    God:
Gold:   237        SH:  0    Dex: 12    Spells: 0/13 levels left

rFire   x . .      SeeInvis +    o - +9 mace of Courage {spect, rC- rCorr SInv Stlth+}
rCold   . . .      Faith    +    (no shield)
rNeg    + + +      Spirit   .    a - +0 robe
rPois   ∞          Reflect  .    h - +1 hat
rElec   .          Harm     .    (no cloak)
rCorr   +          Rampage  .    (no gloves)
Will    .....                    e - +0 pair of boots
Stlth   ++........               (no amulet)
HPRegen 0.26/turn                (no ring)
MPRegen 0.13/turn                (no ring)

@: very slow
A: cold resistance 1, negative energy resistance 3, torment resistance 2, heat
vulnerability 1, in touch with death 1, no potions, faith
a: no special abilities


You were in a sewer.
You visited 1 branch of the dungeon, and saw 4 of its levels.
You also visited: Sewer.

You collected 237 gold pieces.

Inventory:

Hand Weapons
 o - the +9 mace of Courage (weapon) {spect, rC- rCorr SInv Stlth+}
   (You found it on level 3 of the Dungeon)

   When its wielder attacks, the weapon's spirit leaps out and strikes again.
   The spirit shares a part of any damage it takes with its wielder.
   rC:        It makes you vulnerable to cold.
   SInv:      It lets you see invisible.
   rCorr:     It protects you from acid and corrosion.
   Stlth:     It makes you more stealthy.
Missiles
 d - a throwing net
Armour
 a - a +0 robe (worn)
 e - a +0 pair of boots (worn)
 h - a +1 hat (worn)
Jewellery
 k - a ring of flight
Scrolls
 b - 2 scrolls of enchant weapon {unknown}
 c - 2 scrolls of noise {unknown}
 f - 3 scrolls of brand weapon {unknown}
 g - 2 scrolls of vulnerability {unknown}
 i - 4 scrolls of enchant armour {unknown}
 j - a scroll of teleportation {unknown}
 l - a scroll of immolation {unknown}
 m - a scroll of magic mapping {unknown}
 n - a scroll of blinking {unknown}
 p - a scroll of fog {unknown}


   Skills:
 + Level 0.9 Fighting
 + Level 0.7 Maces & Flails
 + Level 1.9 Dodging
 - Level 1.5 Stealth
 + Level 4.8 Spellcasting
 + Level 0.7 Hexes
 + Level 4.3 Summonings
 + Level 0.5 Air Magic


You couldn't memorise any spells.
You knew the following spells:

 Your Spells              Type           Power      Damage    Failure   Level
a - Summon Small Mammal   Summ           68%        N/A       2%          1
b - Call Imp              Summ           17%        N/A       4%          2
c - Call Canine Familiar  Summ           17%        N/A       8%          3
d - Summon Guardian Gole  Hex/Summ       12%        N/A       16%         3
e - Summon Lightning Spi  Summ/Air       11%        N/A       50%         4

Your spell library contained the following spells:

 Spells                   Type           Power      Damage    Failure   Level


Dungeon Overview and Level Annotations

Branches:
Dungeon (4/15)              Sewer (1/1)
 Temple: D:4-7

Altars:
Hepliaklqana
Wu Jian


Innate Abilities, Weirdness & Mutations

You are immune to poison.
Your flesh is cold resistant. (rC+)
You are immune to negative energy. (rN+++)
You are immune to unholy pain and torment.
You are vulnerable to heat. (rF-)
You are in touch with the powers of death.
You do not drink.
You have a special connection with the divine. (Faith)


Message History

The ball python barely misses your crimson imp.
The ball python grabs your crimson imp.
The ball python constricts your crimson imp.
The ball python bites your crimson imp but does no damage.
The ball python bites you. The ball python barely misses you.
You closely miss the bullfrog. The bullfrog barely misses you. x2
Your crimson imp struggles to blink free from constriction.
The ball python barely misses your crimson imp. x2
The ball python constricts your crimson imp.
The ball python bites you. The ball python grabs you.
The ball python constricts you. The bullfrog closely misses you.
The bullfrog hits you.
Your crimson imp hits the ball python.
The ball python dies!
Unknown command.
Casting: Call Imp (safe; 4% risk of failure)
Confirm with . or Enter, or press ? or * to list all spells.
The ball python barely misses your crimson imp.
The ball python bites your crimson imp but does no damage.
The ball python constricts your crimson imp.
The bullfrog misses you. The bullfrog barely misses you.
The ball python bites your crimson imp but does no damage.
Your crimson imp closely misses the bullfrog.
The ball python bites your crimson imp but does no damage.
The ball python constricts your crimson imp.
The bullfrog hits you.
Your unstable footing causes you to fumble your attack.
The bullfrog hits you.
* * * LOW HITPOINT WARNING * * *
The bullfrog barely misses you.
Your hound bites the bullfrog.
The bullfrog hits you.
* * * LOW HITPOINT WARNING * * *
The ball python bites your crimson imp. x2
The ball python constricts your crimson imp.
Your crimson imp misses the bullfrog.
The bullfrog barely misses you.
Your hound bites the bullfrog.
Unknown command.
You sock the bullfrog!
The bullfrog is almost dead.
The bullfrog hits you!
You die...

....# ......
.~~.#
##~.~.##
≈≈~~#
#≈~≈~≈~#
≈≈~~#
#≈≈~~≈≈#
~~~≈#
#≈≈~~~≈#
≈~≈~#
#≈~~~~≈#
~~~≈#
#≈≈≈SSS#
≈≈≈≈#
#≈≈~5FF#
≈≈≈≈#
#≈≈≈≈h@#
~~.≈#
#≈≈≈≈.≈#
!.~≈#
#≈≈~≈~≈#
~~.≈#
#≈≈~~≈~#
≈†~~#
#≈≈≈~≈≈#
≈~≈~#
#≈~~~≈≈#
~~~~#
#≈~~≈≈≈#
~≈~≈#
#≈≈~~≈≈#
†≈≈~#
#####≈≈~~≈~#


You could see 2 bullfrogs, an adder, 2 ball pythons, a friendly hound (summoned)
and a friendly crimson imp (summoned).

Vanquished Creatures
  An adder (D:3)
  2 river rats (Sewer)
  An endoplasm (D:1)
  A hobgoblin (D:2)
  3 quokkas (D:4)
  2 ball pythons (Sewer)
  A bat (D:3)
  2 rats (Sewer)
13 creatures vanquished.

Vanquished Creatures (collateral kills)
  An orc priest (D:3)
  A nameless horror (Sewer)
  Robin (D:2)
  A river rat (Sewer)
  3 adders (D:2)
  A dart slug (D:1)
  2 orcs (D:3)
  15 ball pythons
  5 endoplasms
  4 giant cockroaches
  11 goblins
  6 hobgoblins
  3 quokkas
  7 bats
  5 frilled lizards
  8 kobolds
  25 rats
99 creatures vanquished.

Grand Total: 112 creatures vanquished

Notes
Turn   | Place    | Note
-------+----------+-------------------------------------------
     0 | D:1      | ryw the Mummy Summoner began the quest for the Orb.
     0 | D:1      | Reached XP level 1. HP: 13/13 MP: 4/4
   452 | D:1      | Reached XP level 2. HP: 18/19 MP: 3/6
   455 | D:1      | Learned a level 2 spell: Call Imp
  1260 | D:1      | Gained mutation: You are in touch with the powers of death.
                  | [Mummy growth]
  1260 | D:1      | Reached XP level 3. HP: 20/24 MP: 4/8
  1622 | D:2      | Learned a level 3 spell: Call Canine Familiar
  1704 | D:2      | Found a faded altar of an unknown god.
  1727 | D:2      | Noticed Robin
  2204 | D:2      | Reached XP level 4. HP: 30/30 MP: 5/10
  2647 | D:2      | Killed Robin
  2772 | D:2      | Learned a level 3 spell: Summon Guardian Golem
  3245 | D:3      | Found a hazy altar of Hepliaklqana.
  3258 | D:3      | Identified the +9 mace of Courage {spect, rC- rCorr SInv
                  | Stlth+}
  3369 | D:3      | Found an ornate altar of the Wu Jian Council.
  3650 | D:3      | Reached XP level 5. HP: 12/36 MP: 3/12
  3736 | D:3      | Learned a level 4 spell: Summon Lightning Spire
  3875 | D:4      | Found a glowing drain.
  3887 | Sewer    | Entered a sewer
  4552 | Sewer    | Slain by a bullfrog

Illustrated notes

Levels and vault maps discovered:
D:1:      dpeg_arrival_boxorama, layout_basic, minmay_pentomino_p2
D:2:      layout_basic, nicolae_ecumenical_oubliette, uniq_robin
D:3:      layout_loops_cross, nicolae_overflow_hidden_temple
D:4:      layout_rooms, portal_sewer_entry_f, enter_ossuary_3, minmay_rat_hole
Sewer:    sewer_minmay_w

Skill      XL: |  1  2  3 |
---------------+----------+-----
Spellcasting   | 3 4 |  4.8
Summonings     | 4 |  4.3
Fighting       | |  0.9
Maces & Flails | |  0.7
Dodging        | |  1.9
Stealth        | |  1.5
Hexes          | |  0.7
Air Magic      | |  0.5

Action                   |  1- 3 |  4- 6 || total
-------------------------+-------+-------++-------
Melee: Unarmed           |    14 |       ||    14
       Dagger            |     4 |    11 ||    15
       Mace              |       |    24 ||    24
 Cast: Summon Small Mamm |    64 |    19 ||    83
       Call Imp          |    19 |    21 ||    40
       Call Canine Famil |       |    23 ||    23
       Summon Guardian G |       |     1 ||     1
Armor: Robe              |    32 |    31 ||    63
Dodge: Dodged            |    67 |    86 ||   153

Table legend: (Time is in decaauts)
 A = Elapsed time spent in this place.
 B = Non-inter-level travel time spent in this place.
 C = Inter-level travel time spent in this place.
 D = Time resting spent in this place.
 E = Time spent auto-exploring this place.
 F = Levels seen in this place.
 G = Mean time per level.
                   A        B        C        D        E       F      G
               +--------+--------+--------+--------+--------+-----+--------+
         Total |   4598 |   4419 |    179 |    164 |   3334 |   5 |  919.6 |
       Dungeon |   3889 |   3710 |    179 |    164 |   2814 |   4 |  972.2 |
         Sewer |    708 |    708 |      0 |      0 |    520 |   1 |  708.0 |
               +--------+--------+--------+--------+--------+-----+--------+

Top non-repeatable levels by time:
     D:1: 1750 daAuts
     D:3: 1037 daAuts
     D:2: 1022 daAuts
   Sewer: 708 daAuts
     D:4: 79 daAuts
